 Dungeon Crawl Stone Soup version 0.32-a0-711-g016ad74 (webtiles) character file.

Game seed: 10361116356497478335

27807 PidgeyThePirate the Marksgoblin (level 13, -12/106 HPs)
             Began as a Coglin Hunter on Mar 15, 2024.
             Was a High Priest of Uskayaw.
             Killed from afar by a deep elf zephyrmancer (27 damage)
             ... with a bolt of lightning
             ... on level 12 of the Dungeon.
             The game lasted 00:36:04 (12225 turns).

PidgeyThePirate the Marksgoblin (Coglin Hunter)    Turns: 12225, Time: 00:36:06

Health: -12/106    AC: 10    Str: 15    XL:     13   Next: 34%
Magic:  14/14      EV: 12    Int: 10    God:    Uskayaw [*****.]
Gold:   911        SH:  0    Dex: 26    Spells: 12/12 levels left

rFire   . . .        a - +2 sling {Manelesi}
rCold   . . .        o - +4 hand cannon (drain) {Chinhae}
rNeg    . . .        G - +0 acid dragon scales
rPois   .            (helmet restricted)
rElec   .            N - +0 cloak
rCorr   +            r - +0 pair of gloves
SInv    .            F - +0 pair of boots of Jiwkiypox {Int+2 Dex+4}
Will    .....        (amulet unavailable)
Stlth   +            (ring unavailable)
HPRegen 0.37/turn    (ring unavailable)
MPRegen 0.14/turn    (no gizmo)

%: no passive effects
@: on fire, about to teleport, glowing, studying 2 skills, revving
A: off-hand wielding, slow wielding, warmup strikes, no jewellery, horns 1,
passive freeze, strong 1
a: Invent Gizmo, Renounce Religion, Stomp, Line Pass, Grand Finale


You were on level 12 of the Dungeon.
You worshipped Uskayaw.
Uskayaw was noncommittal.
You visited 2 branches of the dungeon, and saw 13 of its levels.
You also visited: Ossuary.

You collected 1161 gold pieces.
You spent 250 gold pieces at shops.

Inventory:

Hand Weapons
 a - a +2 sling (weapon) {Manelesi}
 o - a +4 hand cannon of draining (offhand) {Chinhae}
Missiles
 E - a throwing net
Armour
 r - a +0 pair of gloves (worn)
 B - a +3 ring mail of poison resistance
 C - +2 steam dragon scales
 F - the +0 pair of boots of Jiwkiypox (worn) {Int+2 Dex+4}
   (You acquired it on level 10 of the Dungeon)

   Int+2:     It affects your intelligence (+2).
   Dex+4:     It affects your dexterity (+4).
 G - +0 acid dragon scales (worn)
 N - a +0 cloak (worn)
Wands
 f - a wand of polymorph (8)
 m - a wand of charming (3)
 v - a wand of flame (11)
 I - a wand of digging (11)
Scrolls
 b - a scroll of butterflies
 d - 3 scrolls of fog
 g - 2 scrolls of noise
 h - 3 scrolls of immolation
 j - 3 scrolls of revelation
 k - 2 scrolls of blinking
 l - 2 scrolls of fear
 w - 2 scrolls of poison {unknown}
 y - a scroll of teleportation
 H - 3 scrolls of identify
 J - a scroll of amnesia
 K - a scroll of enchant weapon
Potions
 c - a potion of brilliance {unknown}
 e - 10 potions of curing
 i - 2 potions of attraction
 n - 3 potions of invisibility
 p - a potion of haste
 s - 2 potions of mutation
 t - a potion of resistance
 z - 5 potions of lignification
 A - 4 potions of berserk rage {unknown}
 D - a potion of cancellation {unknown}
 L - a potion of enlightenment {unknown}
 M - a potion of might {unknown}


   Skills:
 + Level 11.5 Fighting
 + Level 18.2 Ranged Weapons
 + Level 4.3 Armour
 + Level 2.6 Dodging
 + Level 2.7 Stealth
 + Level 2.2 Invocations


You had 12 spell levels left.
You didn't know any spells.
Your spell library contained the following spells:

 Spells                   Type           Power      Damage    Failure   Level
 Freeze                   Ice            0%         1d3       45%         1
 Magic Dart               Conj           0%         1d3       45%         1
 Shock                    Conj/Air       0%         1d3       45%         1
 Blink                    Tloc           0%         N/A       61%         2
 Call Imp                 Summ           0%         N/A       61%         2
 Frozen Ramparts          Ice            0%         1d1       83%         3
 Hailstorm                Conj/Ice       0%         3d5       83%         3
 Inner Flame              Hex/Fire       0%         N/A       83%         3
 Swiftness                Air            0%         N/A       83%         3
 Tukima's Dance           Hex            0%         N/A       83%         3
 Airstrike                Air            0%         2d(0-16)  99%         4
 Passage of Golubria      Tloc           0%         N/A       99%         4
 Vhi's Electric Charge    Tloc/Air       0%         N/A       99%         4
 Arcjolt                  Conj/Air       0%         1d10      100%        5
 Irradiate                Conj/Alch      0%         3d11      100%        5
 Yara's Violent Unravell  Hex/Alch       0%         3d3       100%        5
 Plasma Beam              Fire/Air       0%         2x1d10    100%        6
 Ignition                 Fire           0%         3d3       100%        8


Dungeon Overview and Level Annotations

Branches:
Dungeon (12/15)            Temple (1/1) D:5            Lair (0/5) D:8
    Orc (0/2) D:11        Ossuary (visited)

Altars:
Ashenzari
Cheibriados
Dithmenos
Elyvilon
Fedhas
Gozag
Hepliaklqana
Kikubaaqudgha
Makhleb
Nemelex Xobeh
Okawaru
Qazlal
Ru
Sif Muna
Trog
Uskayaw
Vehumet
Wu Jian
Xom
Yredelemnul
Zin
The Shining One

Shops:
D:6 [   D:10 !

Annotations:
D:10 3 runed translucent doors, Aorika's ghost, journeyman GnIE; bongcheondong's ghost, novice DrIE


Innate Abilities, Weirdness & Mutations

You can wield a second weapon in your off-hand.
It takes a long time for you to wield or remove held weapons.
Your first few attacks do less damage.
You cannot equip rings or amulets.
You have a pair of small horns on your head.
A frigid envelope surrounds you and freezes all who hurt you.
Your muscles are strong. (Str +4, Int/Dex -1)


Message History

The deep elf zephyrmancer gestures at you while chanting.
The bolt of lightning hits you!! x2
* * * LOW HITPOINT WARNING * * *
The deep elf pyromancer mumbles some strange words.
The deep elf pyromancer blinks!
You are too injured to fight recklessly!
Unknown command.
Okay, then.
You feel much better. The liquid fire burns you!
* * * LOW HITPOINT WARNING * * *
The fire elemental disappears in a puff of smoke!
As you read the scroll of teleportation, it crumbles to dust.
You feel strangely unstable. The liquid fire burns you!
* * * LOW HITPOINT WARNING * * *
The fire elemental hits you. The fire elemental burns you!
* * * LOW HITPOINT WARNING * * *
The fire elemental is frozen!
The fire elemental is very cold.
The fire elemental is moderately damaged.
The deep elf pyromancer mumbles some strange words.
The deep elf pyromancer blinks!
You feel much better. The liquid fire burns you!
* * * LOW HITPOINT WARNING * * *
The fire elemental hits you. The fire elemental burns you!
* * * LOW HITPOINT WARNING * * *
The fire elemental is frozen!
The fire elemental is very cold.
The fire elemental is moderately damaged.
The fire elemental hits you. The fire elemental burns you!
* * * LOW HITPOINT WARNING * * *
The fire elemental is frozen!
The fire elemental is very cold.
The fire elemental is severely damaged.
You feel much better. The liquid fire burns you!
* * * LOW HITPOINT WARNING * * *
The deep elf zephyrmancer gestures at you while chanting.
The bolt of lightning hits you!!
You die...
Your body falls in perfect tune with the rhythm.

#... ○>..
#.[. ☼.[
#..#.°e . #..
#.$#eE #..
#.. #..#°
.)## ..
#..E#..!.. .
#°E.ee....
#@### #.°.###
###...##
###..#
#######.##
#........#
####
#........#
....
#........####
....
#.)†........#
....


You could see 2 deep elf pyromancers, 2 deep elf zephyrmancers and 3 fire
elementals.

Vanquished Creatures
  Rupert (D:11)
  Kirke (D:12)
  Harold (D:9)
  A hydra (D:10)
  A catoblepas (D:9)
  A centaur warrior (D:11)
  3 two-headed ogres
  2 boulder beetles (D:11)
  An occultist (D:11)
  A skeletal warrior (D:10)
  Lodul (D:12)
  Pikel (D:7)
  5 deep elf pyromancers (D:12)
  A deep elf zephyrmancer (D:12)
  2 ugly things
  A manticore (D:12)
  2 cyclopes (D:11)
  A cyclops (shapeshifter) (D:11)
  A meliai (shapeshifter) (D:9)
  A gargoyle (D:11)
  An unseen horror (D:11)
  A kobold demonologist (D:10)
  A hornet (D:9)
  5 trolls
  A centaur simulacrum (D:11)
  3 shadows
  Sigmund (D:3)
  2 wraiths (D:12)
  A human (D:11)
  7 yaks
  A basilisk (D:11)
  4 hogs (D:12)
  A warg (D:11)
  2 steam dragons (D:9)
  9 water moccasins
  3 acid dragons
  6 orc warriors
  An ice beast (D:6)
  2 sky beasts
  9 ogres
  2 black bears
  4 lemures (D:7)
  10 centaurs
  3 gnoll sergeants
  4 kobold brigands
  3 elf zombies (Ossuary)
  3 bullfrogs
  3 scorpions
  5 wights (D:9)
  7 killer bees
  2 vampire bats (D:7)
  5 howler monkeys
  3 bombardier beetles
  4 quasits (D:4)
  4 hounds
  2 jellies (D:6)
  12 orc priests
  4 human zombies (Ossuary)
  A spectral scorpion (Ossuary)
  A bullfrog skeleton (D:7)
  2 iguanas
  Ijyb (D:3)
  A scorpion zombie (D:7)
  3 sleepcaps
  Natasha (thrice) (D:3)
  16 orc wizards
  2 killer bee zombies (D:7)
  2 crocodile zombies (Ossuary)
  A spectral hound (Ossuary)
  3 mummies (Ossuary)
  A howler monkey skeleton (D:7)
  15 gnolls
  6 adders
  4 hound simulacra (Ossuary)
  6 shadow imps (D:4)
  A white imp (D:6)
  8 ufetubi
  2 spectral adders (Ossuary)
  3 spectral gnolls (Ossuary)
  3 ribbon worms
  3 dart slugs
  An adder simulacrum (Ossuary)
  50 orcs
  4 bat skeletons (D:7)
  6 endoplasms
  4 giant cockroaches
  5 gnoll zombies (Ossuary)
  4 goblins
  7 hobgoblins
  A jackal (D:1)
  3 quokkas
  6 ball pythons
  7 bats
  A frilled lizard (D:1)
  2 gnoll simulacra (Ossuary)
  4 jackal simulacra (Ossuary)
  28 kobolds
  4 kobold zombies (Ossuary)
  5 orc zombies (Ossuary)
  11 rats
  2 spectral jackals (Ossuary)
413 creatures vanquished.

Notes
Turn   | Place    | Note
-------+----------+-------------------------------------------
     0 | D:1      | PidgeyThePirate the Coglin Hunter began the quest for the
                  | Orb.
     0 | D:1      | Reached XP level 1. HP: 16/16 MP: 1/1
   112 | D:1      | Reached XP level 2. HP: 22/22 MP: 2/2
   175 | D:1      | Reached skill level 4 in Ranged Weapons
   489 | D:1      | Found a faded altar of an unknown god.
   765 | D:2      | Reached XP level 3. HP: 28/28 MP: 3/3
   911 | D:2      | Reached XP level 4. HP: 34/34 MP: 4/4
  1158 | D:2      | Reached skill level 5 in Ranged Weapons
  1282 | D:2      | Found a radiant altar of Vehumet.
  1515 | D:3      | Noticed Sigmund
  1519 | D:3      | Killed Sigmund
  1520 | D:3      | Reached skill level 6 in Ranged Weapons
  1520 | D:3      | Reached skill level 1 in Armour
  1520 | D:3      | Reached XP level 5. HP: 41/41 MP: 5/5
  1520 | D:3      | Reached XP level 6. HP: 47/47 MP: 6/6
  1592 | D:3      | Found an opulent altar of Gozag.
  1849 | D:3      | Noticed Natasha
  1858 | D:3      | Killed Natasha
  1947 | D:3      | Noticed Natasha
  1953 | D:3      | Killed Natasha
  2052 | D:3      | Noticed Ijyb
  2059 | D:3      | Gained mutation: Your muscles are strong. (Str +4, Int/Dex
                  | -1) [potion of mutation]
  2059 | D:3      | Gained mutation: A frigid envelope surrounds you and
                  | freezes all who hurt you. [potion of mutation]
  2059 | D:3      | Gained mutation: You have a pair of small horns on your
                  | head. [potion of mutation]
  2063 | D:3      | Killed Ijyb
  2097 | D:3      | Found a glowing silver altar of Zin.
  2175 | D:3      | Noticed Natasha
  2191 | D:3      | Killed Natasha
  2469 | D:4      | Reached XP level 7. HP: 51/52 MP: 7/7
  2551 | D:4      | Reached skill level 7 in Ranged Weapons
  2976 | D:4      | Reached skill level 8 in Ranged Weapons
  3350 | D:4      | Reached XP level 8. HP: 57/60 MP: 8/8
  3410 | D:5      | Entered Level 5 of the Dungeon
  3625 | D:5      | Found a staircase to the Ecumenical Temple.
  3644 | Temple   | Entered the Ecumenical Temple
  3656 | Temple   | Became a worshipper of Uskayaw the Reveller
  3686 | D:5      | Reached * piety under Uskayaw
  3777 | D:5      | Reached ** piety under Uskayaw
  3782 | D:5      | Reached *** piety under Uskayaw
  3786 | D:5      | Reached **** piety under Uskayaw
  4250 | D:5      | Reached skill level 9 in Ranged Weapons
  4720 | D:6      | Found a stormy altar of Qazlal.
  4782 | D:6      | Reached XP level 9. HP: 66/66 MP: 9/9
  4799 | D:6      | Reached skill level 10 in Ranged Weapons
  4942 | D:6      | Found Wimoat's Antique Armour Shoppe.
  4949 | D:6      | Bought a runed ring mail for 175 gold pieces
  5543 | D:7      | Noticed Pikel
  5573 | D:7      | Reached skill level 11 in Ranged Weapons
  5704 | D:7      | Found a sand-covered staircase.
  5712 | Ossuary  | Entered an ossuary
  5971 | Ossuary  | Reached skill level 5 in Fighting
  6263 | Ossuary  | Identified a scroll of acquirement
  6264 | Ossuary  | Acquired a +1 hand cannon of draining
  6442 | D:7      | Reached skill level 12 in Ranged Weapons
  6548 | D:7      | Killed Pikel
  6549 | D:7      | Reached XP level 10. HP: 73/74 MP: 10/10
  6797 | D:7      | Found an ancient bone altar of Kikubaaqudgha.
  7079 | D:7      | Reached ***** piety under Uskayaw
  7084 | D:8      | Reached skill level 13 in Ranged Weapons
  7096 | D:8      | Reached ****** piety under Uskayaw
  7114 | D:8      | Found a staircase to the Lair.
  7438 | D:8      | Noticed a two-headed ogre
  7445 | D:8      | Killed a two-headed ogre
  7446 | D:8      | Reached skill level 1 in Stealth
  7446 | D:8      | Reached XP level 11. HP: 79/83 MP: 11/11
  8359 | D:9      | Noticed a two-headed ogre
  8363 | D:9      | Killed a two-headed ogre
  8364 | D:9      | Reached skill level 14 in Ranged Weapons
  8631 | D:9      | Noticed a catoblepas
  8639 | D:9      | Killed a catoblepas
  8839 | D:9      | Noticed Harold
  8850 | D:9      | Killed Harold
  9180 | D:10     | Entered Level 10 of the Dungeon
  9276 | D:10     | Found Mevvoux's Distillery.
  9279 | D:10     | Bought a potion of heal wounds for 75 gold pieces
  9353 | D:10     | Noticed a skeletal warrior
  9359 | D:10     | Killed a skeletal warrior
  9365 | D:10     | Noticed an eight-headed hydra
  9426 | D:10     | Killed an eight-headed hydra
  9427 | D:10     | Reached skill level 15 in Ranged Weapons
  9458 | D:10     | Acquired the +0 pair of boots of Jiwkiypox {Int+2 Dex+4}
  9521 | D:10     | Found a runed translucent gate.
  9521 | D:10     | Found a runed translucent gate.
  9523 | D:10     | Found a runed translucent gate.
  9524 | D:10     | Noticed Aorika's ghost (journeyman GnIE)
  9524 | D:10     | Noticed bongcheondong's ghost (novice DrIE)
  9608 | D:10     | Identified the +7 quarterstaff "Aubergine" {pain, Dex+5}
  9735 | D:10     | Found an ornate altar of the Wu Jian Council.
 10024 | D:11     | Reached XP level 12. HP: 89/92 MP: 12/12
 10033 | D:11     | Found a staircase to the Orcish Mines.
 10155 | D:11     | Acquired a manual of Fighting
 10522 | D:11     | Noticed a boulder beetle
 10522 | D:11     | Noticed a two-headed ogre
 10523 | D:11     | Noticed a centaur warrior
 10525 | D:11     | Killed a two-headed ogre
 10529 | D:11     | Killed a boulder beetle
 10531 | D:11     | Killed a centaur warrior
 10533 | D:11     | Reached skill level 16 in Ranged Weapons
 10535 | D:11     | Noticed a boulder beetle
 10543 | D:11     | Noticed an occultist
 10553 | D:11     | Killed a boulder beetle
 10729 | D:11     | Killed an occultist
 10730 | D:11     | Reached skill level 1 in Invocations
 11070 | D:11     | Acquired a manual of Ranged Weapons
 11462 | D:12     | Identified the +0 hand axe "Guycoug" {flame, rN+ Int+3}
 11493 | D:12     | Noticed Kirke
 11503 | D:12     | Killed Kirke
 11504 | D:12     | Reached skill level 17 in Ranged Weapons
 11707 | D:12     | Noticed Rupert
 11752 | D:11     | Killed Rupert
 11753 | D:11     | Reached skill level 10 in Fighting
 11753 | D:11     | Reached XP level 13. HP: 64/103 MP: 14/14
 12046 | D:12     | Noticed Lodul
 12053 | D:12     | Killed Lodul
 12054 | D:12     | Reached skill level 18 in Ranged Weapons
 12223 | D:12     | HP: 5/106 [fire elemental[a deep elf pyromancer] (11)]
 12225 | D:12     | Killed from afar by a deep elf zephyrmancer

Illustrated notes

Levels and vault maps discovered:
D:1:      erik_arrival_cave_to_civilisation [erik_arrival_cave_to_hall],
          layout_basic, dilly_ecumenical_altar_fadedgnrine,
          hangedman_decor_growths
D:2:      layout_loops_ring, basic_altar, kennysheep_decorative_pillar,
          serial_bayou_lagoon_b
D:3:      cheibrodos_pilgrimage, layout_basic, lemuel_coloured_pillars_altar,
          lemuel_crystal_altar, minmay_checkerbox, uniq_sigmund, uniq_natasha,
          uniq_ijyb
D:4:      layout_loops_cross, serial_demonic, serial_demonic_f,
          serial_demonic_f, serial_demonic_a, serial_demonic_e,
          serial_demonic_g, serial_demonic_d, serial_demonic_e,
          serial_demonic_e, serial_demonic_g, serial_demonic_d,
          chequers_serial_rivers_micro_a
D:5:      layout_basic, minmay_temple_entry_slanted
D:6:      layout_rooms, nicolae_qazlal_general_emergency, serial_shops,
          nicolae_shop_tiny_real_fake_doors
D:7:      layout_basic, kennysheep_vampire_church,
          mainiacjoe_ossuary_entry_find_the_door, uniq_pikel
D:8:      layout_basic, due_lair_maze_entry_diamond
D:9:      layout_small_grid, hangedman_corner_corridor, uniq_harold
D:10:     layout_roguey, lemuel_crystal_altar, gammafunk_ghost_cemetery,
          serial_shops, nicolae_shop_real_fake_doors, grunt_decor_one_mirror,
          minmay_bent
D:11:     minmay_bloctagon, layout_grid_maze, erik_orc_4
D:12:     layout_roguey, elves_outpost_lemuel, uniq_kirke, uniq_lodul,
          uniq_rupert
Temple:   sentei_temple_godly_chess

Skill      XL: |  1  2  3  4  5  6  7  8  9 10 11 12 13 |
---------------+----------------------------------------+-----
Ranged Weapons | 4 6 8 9 12 13 15 17 18 | 18.2
Fighting       | 3 4 5 6 8 10 11 | 11.5
Armour         | 1 2 3 4 |  4.3
Dodging        | 2 |  2.6
Stealth        | 1 2 |  2.7
Invocations    | 2 |  2.2

Action                     |  1- 3 |  4- 6 |  7- 9 | 10-12 | 13-15 || total
---------------------------+-------+-------+-------+-------+-------++-------
  Melee: Sling             |       |       |       |     1 |       ||     1
         Hand cannon       |       |       |       |     1 |       ||     1
   Fire: Sling             |    98 |   242 |   975 |   364 |    36 ||  1715
         Hand cannon       |       |       |    21 |   364 |    36 ||   421
 Invoke: Stomp             |       |       |     4 |       |       ||     4
         Line Pass         |       |       |     1 |       |       ||     1
         Grand Finale      |       |       |       |     1 |       ||     1
    Use: Potion            |       |     4 |     2 |     4 |     3 ||    13
         Scroll            |       |       |    11 |    15 |     1 ||    27
 Armour: Leather armour    |    26 |    35 |     9 |       |       ||    70
         Skin              |       |     3 |       |       |       ||     3
         Ring mail         |       |       |   151 |    35 |       ||   186
         Steam dragon scal |       |       |       |     9 |       ||     9
         Acid dragon scale |       |       |       |    46 |    13 ||    59
  Dodge: Dodged            |    15 |    20 |   119 |    51 |     2 ||   207

Table legend: (Time is in decaauts)
 A = Elapsed time spent in this place.
 B = Non-inter-level travel time spent in this place.
 C = Inter-level travel time spent in this place.
 D = Time resting spent in this place.
 E = Time spent auto-exploring this place.
 F = Levels seen in this place.
 G = Mean time per level.
                   A        B        C        D        E       F      G
               +--------+--------+--------+--------+--------+-----+--------+
         Total |  12252 |  11947 |    305 |      0 |   9096 |  14 |  875.1 |
       Dungeon |  11620 |  11315 |    305 |      0 |   8855 |  12 |  968.3 |
        Temple |     24 |     24 |      0 |      0 |      0 |   1 |   24.0 |
       Ossuary |    607 |    607 |      0 |      0 |    241 |   1 |  607.0 |
               +--------+--------+--------+--------+--------+-----+--------+

Top non-repeatable levels by time:
    D:11: 1579 daAuts
     D:5: 1279 daAuts
     D:9: 1073 daAuts
     D:8: 1037 daAuts
     D:4: 984 daAuts
     D:3: 944 daAuts
     D:7: 906 daAuts
     D:6: 845 daAuts
    D:10: 805 daAuts
     D:2: 787 daAuts
     D:1: 747 daAuts
    D:12: 627 daAuts
 Ossuary: 607 daAuts
  Temple: 24 daAuts
